 Dungeon Crawl Stone Soup version 0.29-a0-416-g83a48905f1 (webtiles) character file.

Game seed: 12014229153477517830

191 Hubjo the Firebug (level 5, -1/31 HPs)
             Began as a Deep Elf Fire Elementalist on May 16, 2022.
             Was a Believer of Zin.
             Slain by a scorpion (6 damage)
             ... on level 5 of the Dungeon.
             The game lasted 00:06:06 (4625 turns).

Hubjo the Firebug (Deep Elf Fire Elementalist)      Turns: 4625, Time: 00:06:07

Health: -1/31      AC:  2    Str:  5    XL:     5   Next: 42%
Magic:  13/13      EV: 27    Int: 22    God:    Zin [**....]
Gold:   111        SH:  0    Dex: 15    Spells: 7/12 levels left

rFire   . . .      SeeInvis .   k - +2 dagger (flame)
rCold   . . .      Faith    .   (no shield)
rNeg    . . .      Spirit   .   a - +0 robe
rPois   .          Reflect  .   (no helmet)
rElec   .          Harm     .   (no cloak)
rCorr   .          Rampage  .   (no gloves)
Will    .....                   (no boots)
Stlth   +++.......              h - amulet of the acrobat
HPRegen 0.10/turn               (no ring)
MPRegen 0.13/turn               (no ring)

@: acrobatic
A: no striking features
a: Renounce Religion, Recite, Vitalisation, Donate Gold


You were on level 5 of the Dungeon.
You worshipped Zin.
Zin was pleased with you.
You visited 1 branch of the dungeon, and saw 5 of its levels.

You collected 123 gold pieces.
You donated 12 gold pieces to Zin.

Inventory:

Hand Weapons
 k - a +2 dagger of flaming (weapon)
 o - a +2 dagger of pain
Armour
 a - a +0 robe (worn)
 u - the +0 chain mail of the Game of Life {Rampage +Inv MP+9}
   (You found it on level 3 of the Dungeon)

   MP:        It affects your magic capacity (+9).
   +Inv:      It lets you turn invisible.
   Rampage:   It bestows one free step when moving towards enemies.
 v - a +0 pair of gloves
Jewellery
 h - an amulet of the acrobat (around neck)
 p - an amulet of guardian spirit
Wands
 t - a wand of mindburst (7)
Scrolls
 d - 2 scrolls of immolation {unknown}
 i - a scroll of vulnerability
 l - a scroll of identify
 q - a scroll of enchant armour
 r - a scroll of torment
Potions
 b - 2 potions of magic
 c - a potion of ambrosia {unknown}
 e - 2 potions of berserk rage {unknown}
 f - a potion of flight {unknown}
 g - 2 potions of heal wounds {unknown}
 j - a potion of haste {unknown}
 m - a potion of lignification {unknown}
 n - 2 potions of curing {unknown}
 s - a potion of might {unknown}


   Skills:
 + Level 2.4 Fighting
 - Level 2.4 Dodging
 + Level 3.8 Stealth
 + Level 4.3 Spellcasting
 - Level 1.1 Conjurations
 * Level 4.3 Fire Magic


You had 7 spell levels left.
You knew the following spells:

 Your Spells              Type           Power      Damage    Failure   Level
a - Foxfire               Conj/Fire      64%        2x1d7     3%          1
b - Flame Wave            Conj/Fire      16%        2d6       34%         4

Your spell library contained the following spells:

 Spells                   Type           Power      Damage    Failure   Level
 Scorch                   Fire           48%        2d7       2%          2
 Conjure Flame            Conj/Fire      16%        6-21      11%         3
 Inner Flame              Hex/Fire       14%        N/A       13%         3


Dungeon Overview and Level Annotations

Branches:
Dungeon (4/15)
 Temple: D:4-7

Altars:
Ashenzari
Fedhas
Zin


Message History

Really attack while wielding your +2 dagger of pain?
This could place you under penance! [Y]es or [N]o only, please.
Really attack while wielding your +2 dagger of pain?
This could place you under penance! [Y]es or [N]o only, please.
Really attack while wielding your +2 dagger of pain?
This could place you under penance! [Y]es or [N]o only, please.
Really attack while wielding your +2 dagger of pain?
This could place you under penance!
Okay, then.
Your +2 dagger of flaming bursts into flame!
k - a +2 dagger of flaming (weapon)
The scorpion stings you. The scorpion completely misses you.
The scorpion attacks as you move away! The scorpion misses you.
Found 21 gold pieces. 2 orcs come into view.
The scorpion closely misses you. The scorpion completely misses you.
An orc comes into view. It is wielding a +0 flail.
The orc shouts!
An orc comes into view. It is wielding a +0 club.
The scorpion attacks as you move away! The scorpion closely misses you.
The scorpion attacks as you move away! The scorpion stings you.
The orc shouts! x3
The scorpion stings you! The scorpion attacks as you move away!
The scorpion completely misses you. The orc misses you.
The scorpion closely misses you. The scorpion attacks as you move away!
The scorpion barely misses you.
Found a wand of mindburst (16).
The orc attacks as you move away! The orc hits you with a +0 flail.
The orc attacks as you move away! The orc closely misses you.
The orc attacks as you move away! The orc completely misses you.
The orc attacks as you move away! The orc completely misses you.
Found a stone staircase leading up.
Found a dagger.
The orc attacks as you move away! The orc hits you with a +0 flail!
* * * LOW HITPOINT WARNING * * *
The orc completely misses you. The orc attacks as you move away!
The orc completely misses you. The orc attacks as you move away!
The orc misses you. The scorpion attacks as you move away!
The scorpion stings you.
You die...

.. #......# ......
#......# .....)
#......#
......####.....
.............. ######
...........### #....#
........s^.<# #....#
#.#....o@# #o...#
#.#......# #.$..#
#...o....# #.o..#
#...############o.$.#
#...# #.....o.o....#
###.####.########.###
#.......# #.# #.#
#......./...# #.###.#
#..###.####.# #.....#


You could see a scorpion and 2 orcs.

Vanquished Creatures
  2 gnolls (D:4)
  5 adders
  A worm (D:3)
  5 orcs (D:3)
  2 bats
  6 endoplasms
  3 giant cockroaches
  8 goblins
  5 hobgoblins
  8 jackals
  A quokka (D:1)
  8 ball pythons
  4 frilled lizards
  7 kobolds
  9 rats
74 creatures vanquished.

Vanquished Creatures (collateral kills)
  A gnoll shaman (D:4)
  A gnoll (D:4)
2 creatures vanquished.

Vanquished Creatures (others)
  422 foxfires
422 creatures vanquished.

Grand Total: 498 creatures vanquished

Notes
Turn   | Place    | Note
-------+----------+-------------------------------------------
     0 | D:1      | Hubjo the Deep Elf Fire Elementalist began the quest for
                  | the Orb.
     0 | D:1      | Reached XP level 1. HP: 10/10 MP: 6/6
    87 | D:1      | Reached XP level 2. HP: 16/16 MP: 1/8
   494 | D:1      | Found a faded altar of an unknown god.
   494 | D:1      | Noticed a cacodemon
   533 | D:1      | Prayed at the altar of an unknown god.
   533 | D:1      | Became a worshipper of Zin the Law-Giver
   533 | D:1      | Reached * piety under Zin
   569 | D:1      | Reached skill level 1 in Fighting
  1570 | D:2      | Reached XP level 3. HP: 12/20 MP: 5/10
  2335 | D:2      | Reached ** piety under Zin
  3127 | D:3      | Reached XP level 4. HP: 26/26 MP: 5/11
  3264 | D:3      | Found a broken altar of Ashenzari.
  3665 | D:3      | Identified the +0 chain mail of the Game of Life {Rampage
                  | +Inv MP+9}
  3693 | D:3      | Found a blossoming altar of Fedhas.
  4262 | D:3      | Learned a level 4 spell: Flame Wave
  4338 | D:4      | Reached XP level 5. HP: 30/30 MP: 7/13
  4561 | D:4      | You fall into a shaft and drop 1 floor!
  4561 | D:5      | Entered Level 5 of the Dungeon
  4625 | D:5      | Slain by a scorpion

Illustrated notes

Levels and vault maps discovered:
D:1:      nicolae_arrival_somewhat_less_tricky_arrival, layout_basic,
          dreamdust_ecumenical_altar_sealed_demon, minmay_misc_feat_rows,
          corexii_corridor_pit, minivault_25, minivault_11
D:2:      layout_basic, hangedman_decor_clover_reticule
D:3:      layout_rooms, mainiacjoe_overflow_six_doors_small,
          cheibrodos_ashenzari_chains
D:4:      cheibrodos_old_hovel, layout_rooms, biasface_ghost_orc_armoury,
          due_unseen_surprise
D:5:      layout_basic, gammafunk_ghost_necromancy, kennysheep_generic_room_13

Skill      XL: |  1  2  3  4 |
---------------+-------------+-----
Fighting       | 1 2 |  2.4
Stealth        | 3 |  3.8
Spellcasting   | 4 |  4.3
Fire Magic     | 4 |  4.3
Dodging        | |  2.4
Conjurations   | |  1.1

Action                   |  1- 3 |  4- 6 || total
-------------------------+-------+-------++-------
Melee: Unarmed           |     4 |       ||     4
       Dagger            |     2 |       ||     2
 Cast: Foxfire           |   160 |   100 ||   260
  Use: Scroll            |       |     5 ||     5
Armor: Robe              |     5 |     1 ||     6
Dodge: Dodged            |    22 |    27 ||    49

Table legend: (Time is in decaauts)
 A = Elapsed time spent in this place.
 B = Non-inter-level travel time spent in this place.
 C = Inter-level travel time spent in this place.
 D = Time resting spent in this place.
 E = Time spent auto-exploring this place.
 F = Levels seen in this place.
 G = Mean time per level.
                   A        B        C        D        E       F      G
               +--------+--------+--------+--------+--------+-----+--------+
         Total |   4622 |   4599 |     23 |      0 |   3902 |   5 |  924.4 |
       Dungeon |   4622 |   4599 |     23 |      0 |   3902 |   5 |  924.4 |
               +--------+--------+--------+--------+--------+-----+--------+

Top non-repeatable levels by time:
     D:2: 1542 daAuts
     D:1: 1451 daAuts
     D:3: 1288 daAuts
     D:4: 276 daAuts
     D:5: 63 daAuts
